 Dungeon Crawl Stone Soup version 0.22.1-2-g9c5b331 (webtiles) character file.

58 Santreim the Ruffian (level 3, -4/28 HPs)
             Began as a Draconian Transmuter on Dec 16, 2018.
             Slain by Natasha (7 damage)
             ... on level 2 of the Dungeon.
             The game lasted 00:04:03 (1220 turns).

Santreim the Ruffian (Draconian Transmuter)         Turns: 1220, Time: 00:04:04

Health: -4/28      AC:  5    Str: 13    XL:     3   Next: 76%
Magic:  5/6        EV: 12    Int: 13    God:
Gold:   47         SH:  0    Dex: 11    Spells: 5/6 levels left

rFire    . . .     SeeInvis .     - Unarmed
rCold    . . .     Gourm    .   (no shield)
rNeg     . . .     Faith    .   (armour unavailable)
rPois    .         Spirit   .   (helmet restricted)
rElec    .         Reflect  .   (no cloak)
rCorr    .         Harm     .   (no gloves)
MR       .....                  (no boots)
Stlth    +.........             (no amulet)
HPRegen  0.09/turn              (no ring)
MPRegen  0.10/turn              (no ring)

@: very slightly contaminated
A: unfitting armour, cold-blooded, AC +5
a: no special abilities


You were on level 2 of the Dungeon.
You were not hungry.

You visited 1 branch of the dungeon, and saw 2 of its levels.

You collected 47 gold pieces.

Inventory:

Missiles
 a - 55 arrows
Scrolls
 b - 4 scrolls of remove curse {unknown}
 d - a scroll of noise {unknown}
 g - a scroll of identify {unknown}
 h - 2 scrolls of teleportation {unknown}
 j - a scroll of immolation {unknown}
Potions
 e - a potion of resistance {unknown}
 f - 2 potions of berserk rage {unknown}
 i - 2 potions of heal wounds {unknown}
Comestibles
 c - 4 rations


   Skills:
 + Level 1.1 Fighting
 + Level 2.0 Dodging
 + Level 0.1 Stealth
 + Level 3.8 Unarmed Combat
 + Level 2.4 Spellcasting
 + Level 2.6 Transmutations


You had 5 spell levels left.
You knew the following spells:

 Your Spells              Type           Power        Failure   Level  Hunger
a - Beastly Appendage     Tmut           #.....       9%          1    #......

Your spell library contained the following spells:

 Spells                   Type           Power        Failure   Level  Hunger
 Sticks to Snakes         Tmut           #.......     12%         2    ###....
 Spider Form              Tmut/Pois      #.........   38%         3    ###....
 Ice Form                 Ice/Tmut       #.......     80%         4    #####..
 Blade Hands              Tmut           #.........   92%         5    ######.


Dungeon Overview and Level Annotations

Branches:
Dungeon (2/15)

Altars:

Annotations:
D:2 Natasha


Innate Abilities, Weirdness & Mutations

Your plain brown scales are hard. (AC +5)
You cannot fit into any form of body armour.
You are cold-blooded and may be slowed by cold attacks.


Message History

Natasha stares at you and mumbles some strange words.
The magic dart hits you!
You barely miss Natasha. Natasha barely misses you.
You closely miss Natasha. Natasha casts a spell at you.
The magic dart hits you!
You hit Natasha.
Natasha is moderately wounded.
Natasha closely misses you.
You closely miss Natasha.
Natasha is moderately wounded.
Natasha claws you.
You hit Natasha.
Natasha is moderately wounded.
Natasha claws you!
* * * LOW HITPOINT WARNING * * *
You closely miss Natasha.
Natasha is moderately wounded.
Natasha claws you!
You die...

##....#..#.#.#..#
#....#..........
#.#.<..........#
#......#..##....
#............###
#.####.#..####
#.# #.#..# ####.#
#.#..# #.@..#
#....# #h####
#...## #. #....#
#. ##....#### #.
#..#...... #.
#<....#### #.
#......# #.
#....#.# #
#......#


You could see Natasha.

Vanquished Creatures
  A howler monkey zombie (D:2)
  A worm (D:2)
  2 dart slugs
  4 leopard geckos (D:2)
  2 bats
  3 giant cockroaches
  3 goblins (D:1)
  7 hobgoblins
  2 jackals (D:2)
  3 frilled lizards (D:1)
  3 kobolds
  3 rats
34 creatures vanquished.

Notes
Turn   | Place    | Note
-------+----------+-------------------------------------------
     0 | D:1      | Santreim the Draconian Transmuter began the quest for the
                  | Orb.
     0 | D:1      | Reached XP level 1. HP: 16/16 MP: 3/3
     7 | D:1      | Noticed a rime drake
     7 | D:1      | Noticed a polar bear
     7 | D:1      | Noticed a salamander
     7 | D:1      | Noticed a worker ant
   360 | D:1      | Reached XP level 2. HP: 22/23 MP: 3/5
   711 | D:2      | Reached XP level 3. HP: 18/28 MP: 4/6
  1211 | D:2      | Noticed Natasha
  1220 | D:2      | Slain by Natasha

Skill      XL: |  1  2 |
---------------+-------+-----
Dodging        | 2 |  2.0
Fighting       | |  1.1
Stealth        | |  0.1
Unarmed Combat | |  3.8
Spellcasting   | |  2.4
Transmutations | |  2.6

Action                   || total
-------------------------++-------
Melee: Unarmed           ||   120
       Headbutt          ||     9
       Tailslap          ||    14
       Kick              ||     3
       Punch             ||     2
 Cast: Beastly Appendage ||    20
 Stab: Sleeping          ||     1
  Eat: Ration            ||     1
Armor: Skin              ||    23
Dodge: Dodged            ||    55
